 Dungeon Crawl Stone Soup version 0.23.2-30-g0e89c35649 (webtiles) character file.

Game seed: 13469132257455199078

305 funkygono the Skirmisher (level 6, -1/49 HPs)
             Began as a Formicid Abyssal Knight on June 16, 2019.
             Was a Priest of Lugonu.
             Slain by a gnoll (8 damage)
             ... on level 3 of the Dungeon.
             The game lasted 00:06:49 (2254 turns).

funkygono the Skirmisher (Formicid Abyssal Knight)  Turns: 2254, Time: 00:06:49

Health: -1/49      AC:  3    Str: 23    XL:     6   Next: 66%
Magic:  8/8        EV: 12    Int: 12    God:    Lugonu [***...]
Gold:   95         SH:  0    Dex: 10    Spells: 8/8 levels left

rFire    + . .     SeeInvis +   a - +1 mace
rCold    + . .     Gourm    .   (no shield)
rNeg     . . .     Faith    .   b - +0 leather armour
rPois    +         Spirit   .   (helmet unavailable)
rElec    +         Reflect  .   (no cloak)
rCorr    +         Harm     .   (no gloves)
MR       .....                  (no boots)
Stlth    +.........             o - amulet of regeneration
HPRegen  0.56/turn              (no ring)
MPRegen  0.11/turn              (no ring)

@: mighty, resistant
A: permanent stasis, dig shafts and tunnels, four strong arms, antennae 3
a: Dig, Shaft Self, Depart the Abyss, Bend Space, Banish, Renounce Religion


You were on level 3 of the Dungeon.
You worshipped Lugonu.
Lugonu was most pleased with you.
You were hungry.

You visited 1 branch of the dungeon, and saw 3 of its levels.
You visited the Abyss 1 time.

You collected 95 gold pieces.

Inventory:

Hand Weapons
 a - a +1 mace (weapon)
 e - a +0 hunting sling
Missiles
 d - 89 sling bullets
 i - 47 stones (quivered)
Armour
 b - a +0 leather armour (worn)
Jewellery
 h - an uncursed amulet of harm
 o - an amulet of regeneration (around neck)
Scrolls
 k - a scroll of random uselessness {unknown}
 p - 2 scrolls of fog
 r - a scroll of enchant armour {unknown}
 s - 3 scrolls of remove curse
 v - a scroll of enchant weapon {unknown}
Potions
 g - a potion of degeneration
 j - 2 potions of curing
 m - a potion of berserk rage {unknown}
 n - a potion of cancellation {unknown}
 t - a potion of lignification {unknown}
 u - a potion of heal wounds {unknown}
Comestibles
 c - 8 rations
 q - 8 chunks of flesh


   Skills:
 * Level 4.5 Fighting
 + Level 4.0 Maces & Flails
 * Level 3.7 Armour
 + Level 1.8 Dodging
 + Level 1.2 Stealth
 * Level 1.5 Spellcasting
 + Level 2.5 Invocations


You had 8 spell levels left.
You didn't know any spells.
Your spell library was empty.

Dungeon Overview and Level Annotations

Branches:
Dungeon (3/15)

Altars:
Dithmenos


Innate Abilities, Weirdness & Mutations

You cannot be hasted, slowed, berserked, paralysed or teleported.
You can dig through walls and to a lower floor.
Your four strong arms can wield two-handed weapons with a shield.
You have a pair of large antennae on your head. (SInv)


Message History

Lugonu accepts your kill.
Your Maces & Flails skill increases to level 4!
You see here a +0 halberd.
Items here: )) [[ † a +0 short sword; a +1 animal skin; a +0 helmet; a +0 flail the hobgoblin corpse of Robin You butcher the hobgoblin corpse of Robin.
q - 8 chunks of flesh (gained 2)
Items here: )) [[ ÷ a +0 short sword; a +1 animal skin; a +0 helmet; a +0 flail the hobgoblin skeleton of Robin You see here a +0 halberd.
A gnoll comes into view.
The gnoll shouts!
The gnoll hits you.
* * * LOW HITPOINT WARNING * * *
You sock the gnoll!
The gnoll is almost dead.
The gnoll hits you!
You die...

##.#####.....).....##.
#........####.........
#..#####...<.......###
#.## ##########.÷...
#)# #....##. #)#
#....... #.#####
#.#..... #.....#
#.###.##. #.###@# #.#
##.## #.# #g# ##
##.### #.# #)# #.....
#.# #)# #..##### #.#
#%### ..... # #)#
#...# #>### # #.
#.....# # #
........... { #
####.........# #


You could see a gnoll.

Vanquished Creatures
  A black bear (D:3)
  Terence (D:3)
  Robin (D:3)
  6 gnolls (D:3)
  5 adders
  A worm (D:2)
  A dart slug (D:1)
  2 leopard geckos
  A ball python (D:3)
  4 bats
  4 giant cockroaches
  16 goblins
  5 hobgoblins
  2 jackals (D:1)
  4 frilled lizards
  6 kobolds
  12 rats
72 creatures vanquished.

Notes
Turn   | Place    | Note
-------+----------+-------------------------------------------
     0 | Abyss:1  | funkygono the Formicid Abyssal Knight began the quest for
                  | the Orb.
     0 | Abyss:1  | Reached XP level 1. HP: 18/18 MP: 2/2
    32 | D:1      | Escaped the Abyss
   124 | D:1      | Reached skill level 1 in Dodging
   138 | D:1      | Reached XP level 2. HP: 24/24 MP: 3/3
   501 | D:1      | Reached ** piety under Lugonu
   593 | D:1      | Reached XP level 3. HP: 30/30 MP: 4/4
   952 | D:2      | Reached skill level 1 in Stealth
  1123 | D:2      | Reached XP level 4. HP: 8/37 MP: 5/5
  1409 | D:2      | Found a shadowy altar of Dithmenos.
  1700 | D:3      | Noticed Terence
  1737 | D:3      | Killed Terence
  1737 | D:3      | Reached XP level 5. HP: 26/42 MP: 6/6
  1783 | D:3      | Noticed a black bear
  1792 | D:3      | Killed a black bear
  1792 | D:3      | Reached skill level 1 in Spellcasting
  1792 | D:3      | Reached XP level 6. HP: 14/48 MP: 7/7
  2187 | D:3      | Reached *** piety under Lugonu
  2208 | D:3      | Noticed Robin
  2238 | D:3      | HP: 2/49 [gnoll/+0 halberd (8)]
  2240 | D:3      | Killed Robin
  2254 | D:3      | Slain by a gnoll

Skill      XL: |  1  2  3  4  5  6 |
---------------+-------------------+-----
Dodging        | 1 |  1.8
Stealth        | 1 |  1.2
Maces & Flails | 3 4 |  4.0
Armour         | 3 |  3.7
Fighting       | 4 |  4.5
Spellcasting   | 1 |  1.5
Invocations    | |  2.5

Action                   |  1- 3 |  4- 6 || total
-------------------------+-------+-------++-------
Melee: Mace              |    78 |   164 ||   242
Invok: Bend Space        |       |     1 ||     1
 Abil: Dig               |       |     1 ||     1
  Use: Scroll            |     3 |     2 ||     5
       Potion            |       |     2 ||     2
  Eat: Chunk             |       |     4 ||     4
Armor: Leather armour    |    19 |    57 ||    76
Dodge: Dodged            |    39 |   131 ||   170
